 Dungeon Crawl Stone Soup version 0.20.0-7-g3b7b877 (webtiles) character file.

1836380 GordonOverkill the Ninja (level 26, 151/151 (153) HPs)
             Began as a Spriggan Enchanter on May 28, 2017.
             Was a High Priest of Okawaru.
             Escaped with the Orb
             ... and 4 runes!
             The game lasted 07:49:57 (103478 turns).

GordonOverkill the Ninja (Spriggan Enchanter)     Turns: 103478, Time: 07:49:58

HP:   151/151 (153) AC: 16    Str:  7    XL:     26   Next: 15%
MP:   20/30         EV: 36    Int: 34    God:    Okawaru [*****.]
Gold: 3520          SH: 12    Dex: 22    Spells: 10/55 levels left

rFire    + + .     SeeInvis +   a - +10 dagger of Mastery {pierce, +Inv rN++ Str-2 Int+4}
rCold    + + .     Gourm    .   P - +3 buckler {rC+ rF+}
rNeg     + + .     Faith    .   I - +4 swamp dragon scales of Dyassenent {+Inv rPois rCorr Str+2 Int+4 Stlth-}
rPois    +         Spirit   .   U - +2 hat {Int+3}
rElec    .         Reflect  .   l - scarf {rC+ rF+}
rCorr    +         Harm     .   (gloves unavailable)
MR       +++++                  (boots unavailable)
Stlth    +++.......             G - amulet of regeneration
Regen    0.8/turn               t - +5 ring of evasion
MPRegen  0.3/turn               k - ring "Hetoa" {*Corrode +Fly MR++ Str+5}

@: studying Shields, very quick
A: unfitting armour, horns 1, slimy green scales 1, see invisible, herbivore 3,
speed 3, low mp 3, screaming 1, slow metabolism 2, weak 1, MP-powered wands
0: Orb of Zot
}: 4/15 runes: decaying, serpentine, slimy, abyssal
a: Heroism, Finesse, Renounce Religion, Evoke Invisibility, Evoke Flight


You escaped.
You worshipped Okawaru.
Okawaru was extremely pleased with you.
You were full.

You visited 11 branches of the dungeon, and saw 54 of its levels.
You visited the Abyss 1 time.
You visited 1 bazaar.
You also visited: Labyrinth and Wizlab.

You collected 6290 gold pieces.
You spent 2770 gold pieces at shops.

Inventory:

Hand Weapons
 a - the +10 dagger of Mastery (weapon) {pierce, +Inv rN++ Str-2 Int+4}
   (Okawaru gifted it to you on level 5 of the Lair of Beasts)

   It inflicts extra damage upon your enemies.
   It affects your strength (-2).
   It affects your intelligence (+4).
   It greatly protects you from negative energy.
   It lets you turn invisible.
 w - the +0 dagger of Neygatzu {venom, rElec Str+2 Int+4}
   (You found it on level 10 of the Dungeon)

   It poisons the flesh of those it strikes.
   It affects your strength (+2).
   It affects your intelligence (+4).
   It insulates you from electricity.
 N - the +10 dagger "Dragonslayer" {freeze, MR+ Str-4 Int+2 SInv}
   (Okawaru gifted it to you on level 6 of the Lair of Beasts)

   It has been specially enchanted to freeze those struck by it, causing extra
   injury to most foes and up to half again as much damage against particularly
   susceptible opponents.
   It can also slow down cold-blooded creatures.
   It affects your strength (-4).
   It affects your intelligence (+2).
   It affects your resistance to hostile enchantments.
   It lets you see invisible.
 R - a +9 quick blade
 S - a +9 short sword of holy wrath
Missiles
 i - 3 throwing nets (quivered)
Armour
 l - a scarf of resistance (worn)
 C - the +1 cloak of Starlight {rElec rC+ EV+4 Stlth--}
   (You found it in a labyrinth)

   It affects your evasion (+4).
   It protects you from cold.
   It insulates you from electricity.
   It makes you much less stealthy.
 I - the +4 swamp dragon scales of Dyassenent (worn) {+Inv rPois rCorr Str+2 Int+4 Stlth-}
   (You found it in a labyrinth)

   It affects your strength (+2).
   It affects your intelligence (+4).
   It protects you from poison.
   It lets you turn invisible.
   It protects you from acid and corrosion.
   It makes you less stealthy.
 P - a +3 buckler of resistance (worn)
 U - a +2 hat of intelligence (worn)
 Z - a +2 cloak of invisibility
Jewellery
 b - the ring "Zanuk" {*Slow rF+ rC+ MR+ Int+7}
   (You found it on level 3 of the Elven Halls)

   [ring of protection from fire]

   It affects your intelligence (+7).
   It protects you from fire.
   It protects you from cold.
   It affects your resistance to hostile enchantments.
   It may slow you when you take damage.
 k - the ring "Hetoa" (right hand) {*Corrode +Fly MR++ Str+5}
   (You found it on level 15 of the Dungeon)

   [ring of flight]

   It affects your strength (+5).
   It affects your resistance to hostile enchantments.
   It lets you fly.
   It may corrode you when you take damage.
 t - a +5 ring of evasion (left hand)
 G - an amulet of regeneration (around neck)
 T - a +6 amulet of reflection
 Y - the ring "Axirgheerch" {rPois rN+ MR+ Str+2 Dex+3}
   (You found it on level 3 of the Elven Halls)

   [ring of strength]

   It affects your strength (+2).
   It affects your dexterity (+3).
   It protects you from poison.
   It protects you from negative energy.
   It affects your resistance to hostile enchantments.
Wands
 D - a wand of digging (2/24)
 L - a wand of digging (12/24)
Scrolls
 d - 2 scrolls of enchant weapon
 m - 17 scrolls of remove curse
 q - 6 scrolls of recharging
 r - 6 scrolls of amnesia
 s - 14 scrolls of teleportation
 y - a scroll of fear
 A - a scroll of blinking
 K - 3 scrolls of enchant armour
 M - 11 scrolls of identify
 V - 2 scrolls of fog
 W - 2 scrolls of magic mapping
Potions
 f - 5 potions of lignification
 g - 6 potions of brilliance
 h - a potion of heal wounds
 j - 2 potions of haste
 n - 6 potions of flight
 o - 7 potions of curing
 p - 6 potions of might
 u - a potion of invisibility
 v - 4 potions of ambrosia
 x - 2 potions of mutation
 z - 2 potions of berserk rage
 E - 9 potions of agility
 H - 6 potions of cancellation
Books
 X - a manual of Shields
Comestibles
 e - 15 bread rations
 B - 3 fruits
 Q - 7 royal jellies


   Skills:
 + Level 20.5 Fighting
 - Level 10.0 Short Blades
 - Level 5.3 Armour
 - Level 19.3 Dodging
 O Level 27 Stealth
 - Level 9.1 Shields
 - Level 15.4 Spellcasting
 - Level 17.0 Hexes
 - Level 5.3 Charms
 - Level 16.0 Summonings
 - Level 4.4 Necromancy
 - Level 5.4 Air Magic
 - Level 10.0 Invocations
 - Level 7.0 Evocations


You had 10 spell levels left.
You knew the following spells:

 Your Spells              Type           Power        Failure   Level  Hunger
a - Corona                Hex            #######      0%          1    None
b - Ensorcelled Hibernat  Hex/Ice        ######       1%          2    None
c - Confuse               Hex            #######.     0%          3    None
d - Tukima's Dance        Hex            #######.     0%          3    None
e - Mephitic Cloud        Conj/Pois/Air  #####...     6%          3    None
f - Regeneration          Chrm/Necr      ######....   1%          3    None
g - Sticky Flame          Conj/Fire      ####....     41%         4    None
h - Song of Slaying       Chrm           ######..     1%          2    None
i - Summon Lightning Spi  Summ/Air       #######.     1%          4    None
j - Blink                 Tloc           N/A          7%          2    None
k - Iskenderun's Battles  Conj/Chrm      #####...     38%         5    None
l - Monstrous Menagerie   Summ           #######...   5%          7    ####...
m - Shadow Creatures      Summ           N/A          1%          6    ##.....


Dungeon Overview and Level Annotations

Branches:
Dungeon (15/15)            Temple (1/1) D:5            Lair (6/6) D:9
  Swamp (4/4) Lair:2        Snake (4/4) Lair:3        Slime (5/5) Lair:5
    Orc (2/2) D:9             Elf (3/3) Orc:2        Vaults (4/5) D:14
  Crypt (0/3) Vaults:3     Depths (5/5) D:15            Zot (5/5) Depths:5

Altars:
Ashenzari
Cheibriados
Dithmenos
Elyvilon
Fedhas
Gozag
Hepliaklqana
Kikubaaqudgha
Makhleb
Nemelex Xobeh
Okawaru
Qazlal
Ru
Sif Muna
Trog
Uskayaw
Vehumet
Xom
Yredelemnul
Zin
The Shining One
Jiyva

Shops:
D:7 :   Orc:2 *[:}   Snake:3 }*(*   Vaults:2 *

Portals:
Hell: Depths:1 Depths:2 Depths:3 Depths:4 Depths:5
Abyss: Depths:4
Pandemonium: Depths:1 Depths:3
Ziggurat: Depths:4

Annotations:
D:15 exclusion: Roxanne, Josephine, Roxanne
Snake:2 2 transporters
Orc:1 2 runed doors, exclusion: orange crystal statue
Depths:2 the Enchantress
Depths:5 1 exclusion
Zot:5 1 exclusion


Innate Abilities, Weirdness & Mutations

You are very small and have problems with some larger weapons.
You are too small for most types of armour.
You have supernaturally acute eyesight. (SInv)
You are a herbivore.
You cover ground extremely quickly.
You need consume almost no food.
You have a pair of small horns on your head.
You are partially covered in slimy green scales. (AC +2)
Your magical capacity is extremely low. (-30% MP)
You occasionally shout uncontrollably at your foes.
You are weak. (Str -2)
You expend magic power (3 MP) to strengthen your wands.


Message History

A kobold comes into view.
Evoke which item? (* to show all) (? for menu, Esc to quit)
Aiming: Dig
Press: ? - help, Shift-Dir - straight line The rock shatters into small pieces.
The kobold shouts!
This wand has 3 charges left.
Evoke which item? (* to show all) (? for menu, Esc to quit)
Aiming: Dig
Press: ? - help, Shift-Dir - straight line The rock shatters into small pieces.
This wand has 2 charges left.
An ice devil comes into view.
Casting: Shadow Creatures
Confirm with . or Enter, or press ? or * to list all spells.
Wisps of shadow whirl around you...
Your bat hits the ice devil but does no damage.
The ice devil misses you.
Your bat closely misses the ice devil.
There is a staircase leading out of the dungeon here.
You have escaped!

#...#..#'#..#####.###..# #...
#########.########.###..# #...
#.......................######...
#.##.###########.###.##..........
#.##.#....# ###'##.#########.###
..##.#..8.# ##....K## #.....#.##
####.'....# #.......# #.###....#
# ###..8.# #..#b#4.# #.###....##
# #....# ##..@..## #.......... #
#########.##### #####....##
#.......############...... #
#.................##.##.## #
#......................... #
#......................... #
#.........................
########..........†..............
........(......###########.......


You could see an ice devil, a kobold and a friendly bat.

Vanquished Creatures
  the Royal Jelly (Slime:5)
  5 ancient liches
  3 orbs of fire (Zot:5)
  Mara (Elf:3)
  A juggernaut (Depths:3)
  Boris (Depths:5)
  Frederick (Vaults:2)
  Saint Roka (Vaults:1)
  2 golden dragons
  A bone dragon (Abyss:3)
  2 electric golems (Zot:5)
  Jorgrun (Vaults:2)
  10 tentacled monstrosities
  Rupert (D:15)
  11 Orb Guardians
  3 liches
  The ghost of rexbael the Sensei, an adept DsGl of Okawaru (Vaults:1)
  3 deep elf blademasters (Elf:3)
  5 quicksilver dragons
  Asterion (Depths:2)
  A deep elf master archer (Elf:3)
  Frances (Elf:1)
  5 acid blobs
  Gastronok (Lair:3)
  A titan (Depths:3)
  3 sphinxes
  A tentacled starspawn (Abyss:3)
  A kraken (Abyss:3)
  3 death cobs
  2 thorn hunters
  Kirke (Lair:6)
  3 storm dragons
  An ancient champion (Vaults:3)
  3 shadow dragons
  5 draconian monks
  3 nagarajas (Snake:4)
  5 fire giants
  2 azure jellies
  The ghost of Welfe the Brawler, a journeyman TrAK of Lugonu (D:15)
  An orc warlord (Orc:1)
  10 draconian knights
  10 frost giants
  Aizul (Depths:2)
  8 deep elf sorcerers
  4 ghost moths
  4 draconian scorchers
  4 draconian shifters
  8 vault wardens
  3 draconian stormcallers (Zot:4)
  5 draconian annihilators
  11 very ugly things
  A deep elf elementalist (Elf:3)
  12 stone giants
  10 ironheart preservers
  3 entropy weavers
  9 green draconians
  5 vampire knights
  25 purple draconians
  4 deep elf annihilators
  15 black draconians
  3 spark wasps (Depths:2)
  The ghost of siprus the Protected, a journeyman DsAK of Lugonu (Snake:1)
  Azrael (D:14)
  11 red draconians
  6 white draconians
  2 eidola
  5 yellow draconians
  13 ettins
  A minotaur (Lab)
  The ghost of Unholydonuts the Basher, a journeyman GrGl of the Shining One (Lair:5)
  4 death oozes
  9 statues (WizLab)
  11 deep elf death magi
  A merfolk impaler (Depths:1)
  Snorg (Lair:5)
  5 deep elf high priests
  6 jiangshi
  10 yaktaur captains
  14 fire dragons
  10 great orbs of eyes
  19 naga warriors
  4 rakshasas
  Erolcha (D:11)
  11 ice dragons
  A hell beast (Depths:1)
  3 spriggan air magi
  A catoblepas (Lair:6)
  3 ghost crabs
  25 hydras
  5 anacondas
  15 alligators
  8 vault guards
  11 centaur warriors
  3 deep troll shamans
  A satyr (shapeshifter) (Depths:3)
  9 two-headed ogres
  28 dancing weapons
  2 death knights
  3 death yaks (Lair:6)
  5 ogre magi
  4 tengu warriors
  Urug (Lair:5)
  9 deep troll earth magi
  An orc high priest (Orc:1)
  A hell knight (Depths:4)
  4 thrashing horrors (Abyss:3)
  12 naga sharpshooters
  6 shock serpents
  A spriggan berserker (Depths:2)
  A soul eater (Depths:4)
  5 vampire magi
  A wretched star (Abyss:3)
  A fire crab (shapeshifter) (Depths:5)
  25 deep elf knights
  2 skeletal warriors
  A titan skeleton (Abyss:3)
  A sun demon (Depths:1)
  3 iron trolls (Depths:1)
  3 salamander mystics
  4 spriggan druids
  2 shadow wraiths
  13 deep trolls
  3 unseen horrors (Vaults:1)
  9 sea snakes
  6 wizards
  20 deep elf archers
  5 ironbrand convokers
  3 flayed ghosts
  6 naga ritualists
  A tengu zombie (Vaults:3)
  A shambling mangrove (Swamp:4)
  4 glowing orange brains
  4 phantasmal warriors (Depths:4)
  A harpy (shapeshifter) (Depths:2)
  Pikel (D:9)
  83 deep elf magi
  8 necromancers
  12 orc knights
  A lindwurm (shapeshifter) (Elf:2)
  33 ugly things
  The ghost of Turtleman12345 the Thaumaturge, a novice DEWz of Sif Muna (D:7)
  10 swamp dragons
  A stone giant zombie (D:15)
  4 shining eyes
  18 mana vipers
  A wolf spider (shapeshifter) (Vaults:4)
  7 cyclopes
  3 orc sorcerers
  2 human zombies (Vaults:3)
  A tengu skeleton (Vaults:3)
  5 wolf spiders
  3 manticores
  A sphinx skeleton (Vaults:1)
  8 moths of wrath
  A rust devil (Depths:1)
  2 moths of wrath (shapeshifter)
  15 salamanders
  21 elephants (Lair:5)
  A stone giant skeleton (Vaults:2)
  16 vault sentinels
  2 fire giant skeletons
  16 naga magi
  A titan simulacrum (Abyss:3)
  A guardian serpent (Snake:3)
  3 black mambas (shapeshifter)
  2 smoke demons (Abyss:3)
  A molten gargoyle (D:14)
  A guardian serpent (shapeshifter) (Vaults:3)
  32 black mambas
  A gargoyle (D:13)
  3 large abominations
  31 spiny frogs
  3 eyes of devastation
  An elf zombie (Depths:2)
  4 rime drakes
  2 spriggan zombies (D:15)
  An efreet (Abyss:1)
  A kobold demonologist (D:15)
  40 yaktaurs
  10 freezing wraiths
  12 komodo dragons
  An ice devil (Depths:1)
  A yaktaur (shapeshifter) (Depths:3)
  A redback zombie (D:15)
  A yaktaur skeleton (Vaults:3)
  3 human skeletons
  6 trolls
  A hydra zombie (Abyss:3)
  A queen bee (Lair:2)
  2 tengu conjurers
  A red devil (Depths:4)
  17 hornets
  A polar bear (shapeshifter) (Vaults:2)
  11 tyrant leeches
  A hornet (shapeshifter) (D:15)
  29 blink frogs
  3 ettin zombies
  A raiju (Abyss:3)
  A polar bear (Lair:6)
  5 hippogriffs
  8 bog bodies
  100 slime creatures
  12 dream sheep
  A stone giant simulacrum (Depths:2)
  A slime creature (shapeshifter) (Depths:1)
  A harpy skeleton (Abyss:3)
  A human simulacrum (Vaults:3)
  A centaur simulacrum (D:14)
  5 redbacks
  5 flying skulls
  A tarantella (shapeshifter) (Depths:4)
  15 spriggans
  8 shadows
  4 air elementals
  An ettin skeleton (D:15)
  A yak (shapeshifter) (Vaults:4)
  7 water elementals
  2 wyverns
  4 basilisks
  2 humans (shapeshifter)
  43 yaks
  A hog (Lair:6)
  20 humans (D:14)
  A ynoxinul (Abyss:3)
  12 golden eyes
  3 chaos spawn
  9 fire elementals
  33 vampire mosquitoes
  A hungry ghost (D:7)
  A yaktaur simulacrum (Vaults:1)
  4 wargs
  21 insubstantial wisps
  68 nagas
  A soldier ant (shapeshifter) (Vaults:3)
  21 swamp worms
  12 water moccasins
  A floating eye (Slime:3)
  2 acid dragons
  5 hell hounds
  15 porcupines
  6 small abominations (Abyss:3)
  50 orc warriors
  3 ice beasts
  4 sky beasts
  2 necrophages
  13 swamp drakes
  3 black bears
  9 boggarts
  An eye of draining (shapeshifter) (Vaults:1)
  7 eyes of draining
  24 ogres
  12 wolves
  26 centaurs
  3 big kobolds (D:15)
  20 crocodiles
  39 bullfrogs
  3 earth elementals
  An ogre simulacrum (Vaults:1)
  A wyvern skeleton (D:12)
  3 scorpions
  25 killer bees
  3 howler monkeys
  10 electric eels
  5 wights (D:7)
  A spriggan skeleton (Lab)
  A troll skeleton (Lab)
  12 crimson imps
  4 bullfrog zombies
  4 quasits
  4 centaur zombies
  9 hounds
  4 jellies
  12 orc priests
  3 bullfrog skeletons
  3 centaur skeletons
  An iron imp (Depths:3)
  24 orc wizards
  2 iguanas
  12 worker ants
  A howler monkey skeleton (D:7)
  2 gnolls (D:2)
  A worker ant zombie (D:5)
  12 adders
  8 shadow imps
  An ooze (D:2)
  2 adder skeletons
  3 worms
  3 dart slugs
  4 leopard geckos
  86 orcs
  A ball python (D:6)
  4 bats
  7 giant cockroaches
  8 goblins
  6 hobgoblins
  10 jackals
  12 kobolds
  12 quokkas
  A ball python skeleton (D:4)
  3 frilled lizards
  2 gnoll zombies (D:6)
  A jackal zombie (D:7)
  A leopard gecko skeleton (D:6)
  7 rats
  2 crawling corpses (Elf:3)
  3 plants
2228 creatures vanquished.

Vanquished Creatures (collateral kills)
  3 ancient liches (Zot:5)
  An orb of fire (Zot:5)
  A Killer Klown (Zot:5)
  Jory (Depths:5)
  A curse toe (Zot:4)
  4 golden dragons
  3 tentacled monstrosities
  2 electric golems (Zot:5)
  A deep elf blademaster (Elf:3)
  11 Orb Guardians (Zot:5)
  A deep elf master archer (Elf:3)
  13 acid blobs
  2 quicksilver dragons
  3 death cobs
  A shadow dragon (Zot:3)
  A fire giant (Depths:4)
  5 azure jellies
  2 draconian scorchers (Zot:5)
  A frost giant (Depths:3)
  A spriggan defender (Depths:3)
  A stone giant (Depths:4)
  2 white draconians (Zot:4)
  3 yellow draconians
  A red draconian (Zot:5)
  2 deep elf death magi (Elf:3)
  A fire dragon (Zot:4)
  3 great orbs of eyes
  5 death oozes
  3 spriggan berserkers
  2 shining eyes
  2 moths of wrath (Zot:5)
  2 eyes of devastation
  22 slime creatures
  3 golden eyes (Slime:4)
  An eye of draining (Slime:5)
  A crawling corpse (Elf:3)
112 creatures vanquished.

Vanquished Creatures (others)
  A golden dragon (Zot:2)
  A draconian knight (Zot:4)
  A deep elf sorcerer (Elf:3)
  A draconian stormcaller (Zot:4)
  A stone giant (Depths:1)
  A deep elf death mage (Elf:3)
  A deep elf high priest (Elf:3)
  An ice dragon (Depths:3)
  An alligator (Swamp:1)
  A dancing weapon (Snake:4)
  A spriggan berserker (Depths:4)
  A soul eater (Depths:1)
  A deep elf knight (Elf:2)
  2 deep elf magi
  A vault sentinel (Vaults:1)
  A hornet (Vaults:1)
  An air elemental (Elf:2)
  2 humans (Lair:6)
  3 slaves (D:9)
  A black bear (D:9)
  A centaur (D:9)
  A bullfrog (Lair:2)
  A hound (D:9)
  A jelly (Abyss:3)
  48 fungi
  115 plants
  2 starspawn tentacles (Abyss:3)
  A withered plant (D:15)
194 creatures vanquished.

Grand Total: 2534 creatures vanquished

Notes
Turn   | Place    | Note
-------+----------+-------------------------------------------
     0 | D:1      | GordonOverkill the Spriggan Enchanter began the quest for the Orb.
     0 | D:1      | Reached XP level 1. HP: 9/9 MP: 5/5
   783 | D:1      | Reached XP level 2. HP: 13/13 MP: 4/6
   916 | D:1      | Learned a level 2 spell: Ensorcelled Hibernation
  1542 | D:2      | Reached skill level 5 in Stealth
  1542 | D:2      | Reached XP level 3. HP: 12/16 MP: 2/8
  2377 | D:2      | Reached XP level 4. HP: 20/21 MP: 1/9
  3993 | D:3      | Reached skill level 6 in Stealth
  3993 | D:3      | Reached skill level 5 in Hexes
  4136 | D:2      | Reached XP level 5. HP: 19/24 MP: 7/10
  4640 | D:2      | Learned a level 3 spell: Confuse
  4644 | D:2      | Learned a level 3 spell: Tukima's Dance
  5185 | D:4      | Reached XP level 6. HP: 14/28 MP: 4/11
  5374 | D:4      | Reached skill level 7 in Stealth
  5982 | D:4      | Found a burning altar of Makhleb.
  6016 | D:5      | Entered Level 5 of the Dungeon
  6087 | D:5      | Noticed a sky beast
  6092 | D:5      | Killed a sky beast
  6145 | D:5      | Reached XP level 7. HP: 32/32 MP: 12/12
  6300 | D:5      | Found a staircase to the Ecumenical Temple.
  6311 | Temple   | Entered the Ecumenical Temple
  6562 | D:5      | Found a shadowy altar of Dithmenos.
  6692 | D:5      | Reached skill level 5 in Short Blades
  6692 | D:5      | Reached skill level 8 in Stealth
  6993 | D:5      | Reached skill level 9 in Stealth
  7138 | D:6      | Found a sparkling altar of Nemelex Xobeh.
  7194 | D:6      | Found a white marble altar of Elyvilon.
  7355 | D:6      | Reached XP level 8. HP: 35/36 MP: 10/13
  7664 | D:6      | Found a basalt altar of Yredelemnul.
  8112 | D:7      | Noticed Turtleman12345's ghost (novice DEWz)
  8545 | D:7      | Reached skill level 10 in Stealth
  8747 | D:7      | Reached skill level 11 in Stealth
  8754 | D:7      | Reached XP level 9. HP: 30/39 MP: 7/14
  8947 | D:7      | Found Fousicaseu's Book Boutique.
  8981 | D:7      | Killed Turtleman12345's ghost
  9002 | D:7      | Noticed a two-headed ogre
  9029 | D:7      | Killed a two-headed ogre
  9029 | D:7      | Reached skill level 12 in Stealth
  9029 | D:7      | Reached skill level 10 in Hexes
  9927 | D:8      | Found a shimmering altar of Xom.
 10167 | D:8      | Reached skill level 13 in Stealth
 10167 | D:8      | Reached XP level 10. HP: 44/44 MP: 15/15
 10307 | D:8      | Found an iron altar of Okawaru.
 10309 | D:8      | Found a shattered altar of Ashenzari.
 10309 | D:8      | Found a hazy altar of Hepliaklqana.
 10310 | D:8      | Found a glowing silver altar of Zin.
 10310 | D:8      | Found a bloodstained altar of Trog.
 10320 | D:8      | Became a worshipper of Warmaster Okawaru
 10371 | D:8      | Found an opulent altar of Gozag.
 11063 | D:9      | Reached * piety under Okawaru
 11179 | D:9      | Noticed a two-headed ogre
 11189 | D:9      | Killed a two-headed ogre
 11189 | D:9      | Reached ** piety under Okawaru
 11189 | D:9      | Reached skill level 10 in Short Blades
 11213 | D:9      | Found a staircase to the Lair.
 11217 | D:9      | Noticed Pikel
 11230 | D:9      | Killed Pikel
 11230 | D:9      | Reached skill level 1 in Fighting
 11230 | D:9      | Reached skill level 14 in Stealth
 11992 | D:9      | Noticed a two-headed ogre
 12029 | D:9      | Killed a two-headed ogre
 12686 | D:9      | Found a staircase to the Orcish Mines.
 12759 | D:10     | Entered Level 10 of the Dungeon
 12759 | D:10     | Noticed a five-headed hydra
 12760 | D:10     | Killed a five-headed hydra
 12760 | D:10     | Reached *** piety under Okawaru
 12760 | D:10     | Reached XP level 11. HP: 52/52 MP: 16/16
 13028 | D:10     | Reached skill level 15 in Stealth
 13351 | D:10     | Reached **** piety under Okawaru
 13433 | D:10     | Got an iridescent dagger
 13434 | D:10     | Identified the cursed +0 dagger of Neygatzu {venom, rElec Str+2 Int+4} (You found it on level 10 of the Dungeon)
 14283 | D:11     | Noticed Erolcha
 14291 | D:11     | Killed Erolcha
 14827 | Lair:1   | Entered Level 1 of the Lair of Beasts
 14888 | Lair:1   | Reached skill level 16 in Stealth
 14981 | Lair:1   | Noticed an eight-headed hydra
 15019 | Lair:1   | Reached ***** piety under Okawaru
 15111 | Lair:1   | Reached skill level 5 in Fighting
 15399 | Lair:1   | Received a gift from Okawaru
 15402 | Lair:1   | Got a sheer robe {god gift}
 15416 | Lair:1   | Identified the +0 robe "Qeitoy" {rElec} (Okawaru gifted it to you on level 1 of the Lair of Beasts)
 15459 | Lair:1   | Killed an eight-headed hydra
 16199 | Lair:1   | Reached skill level 5 in Dodging
 16236 | Lair:2   | Reached XP level 12. HP: 60/60 MP: 17/17
 16510 | Lair:2   | Reached skill level 17 in Stealth
 17518 | Lair:2   | Found a staircase to the Swamp.
 18105 | Lair:3   | Noticed Gastronok
 18788 | Lair:3   | Found a staircase to the Snake Pit.
 19050 | Lair:3   | Killed Gastronok
 19050 | Lair:3   | Reached skill level 18 in Stealth
 19562 | Lair:4   | Received a gift from Okawaru
 19759 | Lair:4   | Reached skill level 10 in Dodging
 20016 | Lair:4   | Learned a level 3 spell: Mephitic Cloud
 20119 | Lair:4   | Reached XP level 13. HP: 57/63 MP: 15/19
 20130 | Lair:4   | Reached skill level 15 in Hexes
 20984 | Lair:5   | Found a labyrinth entrance.
 20993 | Lab      | Entered a labyrinth
 21300 | Lab      | Noticed a minotaur
 21305 | Lab      | Killed a minotaur
 21324 | Lab      | Identified the Papyrus of Black Arts and Toxins
 21341 | Lab      | Got heavily runed swamp dragon scales
 21353 | Lab      | Identified the +4 swamp dragon scales of Dyassenent {+Inv rPois rCorr Str+2 Int+4 Stlth-} (You found it in a labyrinth)
 21413 | Lair:5   | Reached skill level 19 in Stealth
 21413 | Lair:5   | Reached skill level 5 in Spellcasting
 21417 | Lair:5   | Reached ****** piety under Okawaru
 21594 | Lair:5   | Noticed Urug
 21614 | Lair:5   | Killed Urug
 21621 | Lair:5   | Received a gift from Okawaru
 21624 | Lair:5   | Got a crude dagger {god gift}
 21628 | Lair:5   | Identified the +10 dagger of Mastery {pierce, +Inv rN++ Str-2 Int+4} (Okawaru gifted it to you on level 5 of the Lair of Beasts)
 21839 | Lair:5   | Noticed Snorg
 21845 | Lair:5   | Killed Snorg
 21865 | Lair:5   | Found a viscous altar of Jiyva.
 21865 | Lair:5   | Found a staircase to the Slime Pits.
 22002 | Lair:5   | Noticed Unholydonuts's ghost (journeyman GrGl)
 22079 | Lair:5   | Killed Unholydonuts's ghost
 22079 | Lair:5   | Reached skill level 1 in Armour
 22226 | Lair:5   | Reached skill level 20 in Stealth
 22576 | Lair:5   | Received a gift from Okawaru
 22796 | Lair:6   | Entered Level 6 of the Lair of Beasts
 22887 | Lair:6   | Received a gift from Okawaru
 23083 | Lair:6   | Reached XP level 14. HP: 59/68 MP: 19/25
 23777 | Lair:6   | Learned a level 3 spell: Regeneration
 24096 | Lair:6   | Reached skill level 1 in Invocations
 24105 | Lair:6   | Received a gift from Okawaru
 24108 | Lair:6   | Got a jewelled dagger {god gift}
 24111 | Lair:6   | Identified the +10 dagger "Dragonslayer" {freeze, MR+ Str-4 Int+2 SInv} (Okawaru gifted it to you on level 6 of the Lair of Beasts)
 24516 | Lair:6   | Noticed Kirke
 24528 | Lair:6   | Killed Kirke
 24528 | Lair:6   | Reached skill level 21 in Stealth
 24992 | Lair:6   | Received a gift from Okawaru
 26244 | D:12     | Reached skill level 5 in Charms
 27589 | D:14     | Reached skill level 22 in Stealth
 27589 | D:14     | Reached XP level 15. HP: 54/73 MP: 20/26
 28730 | D:14     | Noticed Azrael
 28793 | D:14     | Killed Azrael
 29130 | D:14     | Received a gift from Okawaru
 29143 | D:14     | Got a fine scarf {god gift}
 29144 | D:14     | Identified the scarf "Bixaif" {Int+4} (Okawaru gifted it to you on level 14 of the Dungeon)
 29589 | D:14     | Found a gate to the Vaults.
 29883 | D:14     | Got a sparkling ivory ring
 29884 | D:14     | Identified the ring of Megalomania {*Tele Stlth+} (You found it on level 14 of the Dungeon)
 29984 | D:15     | Entered Level 15 of the Dungeon
 30094 | D:15     | Got a fine granite ring
 30095 | D:15     | Identified the ring "Hetoa" {*Corrode +Fly MR++ Str+5} (You found it on level 15 of the Dungeon)
 30149 | D:15     | Noticed Rupert
 30376 | D:15     | Noticed Welfe's ghost (journeyman TrAK)
 30385 | D:15     | Killed Welfe's ghost
 30385 | D:15     | Reached skill level 23 in Stealth
 30482 | D:15     | Noticed Roxanne
 31467 | D:15     | Found a staircase to the Depths.
 32178 | D:15     | Noticed Josephine
 32256 | D:15     | Received a gift from Okawaru
 32329 | D:15     | Killed Rupert
 32722 | Orc:1    | Entered Level 1 of the Orcish Mines
 32729 | Orc:1    | Found a runed door.
 32800 | Orc:1    | Found a runed door.
 33102 | Orc:2    | Entered Level 2 of the Orcish Mines
 33102 | Orc:2    | Noticed an orc warlord
 33148 | Orc:1    | Killed an orc warlord
 33360 | Orc:2    | Found a staircase to the Elven Halls.
 34446 | Orc:1    | Reached skill level 24 in Stealth
 34699 | Orc:2    | Found Opureyfoe's Book Shop.
 34699 | Orc:2    | Found Epliang's Armour Emporium.
 34701 | Orc:2    | Found Josi's Assorted Antiques.
 34718 | Orc:2    | Received a gift from Okawaru
 34873 | Orc:2    | Reached XP level 16. HP: 74/84 MP: 10/27
 35101 | Orc:2    | Found Huquff Hopn's Gadget Boutique.
 35389 | Swamp:1  | Entered Level 1 of the Swamp
 35485 | Swamp:1  | Learned a level 4 spell: Sticky Flame
 36166 | Swamp:1  | Noticed a tentacled monstrosity
 36167 | Swamp:1  | Found a runed door.
 37557 | Swamp:2  | Reached skill level 10 in Fighting
 37963 | Swamp:2  | Reached skill level 1 in Evocations
 38202 | Swamp:2  | Reached skill level 25 in Stealth
 38646 | Swamp:3  | Noticed a thorn hunter
 38670 | Swamp:3  | Killed a thorn hunter
 38670 | Swamp:3  | Received a gift from Okawaru
 38931 | Swamp:3  | Reached skill level 5 in Evocations
 39591 | Swamp:4  | Entered Level 4 of the Swamp
 40126 | Swamp:4  | Received a gift from Okawaru
 40129 | Swamp:4  | Got a translucent quick blade {god gift}
 40130 | Swamp:4  | Identified the +2 quick blade "Arcanum" {pierce, Int+4} (Okawaru gifted it to you on level 4 of the Swamp)
 40158 | Swamp:4  | Noticed a thorn hunter
 40739 | Swamp:4  | Reached skill level 26 in Stealth
 40739 | Swamp:4  | Reached XP level 17. HP: 36/89 MP: 15/28
 41456 | Swamp:4  | Received a gift from Okawaru
 41792 | Swamp:4  | Got a decaying rune of Zot
 42472 | Snake:1  | Entered Level 1 of the Snake Pit
 42516 | Snake:1  | Noticed siprus's ghost (journeyman DsAK)
 42532 | Snake:1  | Killed siprus's ghost
 44357 | Snake:1  | Found a runed door.
 45317 | Snake:2  | Received a gift from Okawaru
 45320 | Snake:2  | Got a scorched dagger {god gift}
 45321 | Snake:2  | Identified the +3 dagger "Amoej" {holy, +Rage rF- rN+++ Dex-2} (Okawaru gifted it to you on level 2 of the Snake Pit)
 45368 | Snake:2  | Reached skill level 27 in Stealth
 46278 | Snake:2  | Reached skill level 15 in Dodging
 46704 | Snake:3  | Found Omeok's General Store.
 46708 | Snake:3  | Bought a scroll of enchant armour for 97 gold pieces
 46708 | Snake:3  | Bought 2 scrolls of teleportation for 78 gold pieces
 46746 | Snake:3  | Found Coavis's General Store.
 46746 | Snake:3  | Found Metacif's Antique Weapon Boutique.
 46772 | Snake:3  | Bought a scroll of enchant armour for 127 gold pieces
 47353 | Snake:3  | Received a gift from Okawaru
 47371 | Snake:3  | Got a dazzling short sword {god gift}
 47373 | Snake:3  | Identified the +12 short sword of Subjectivity {flame, rPois} (Okawaru gifted it to you on level 3 of the Snake Pit)
 48293 | Snake:3  | Found Ruetruag's Gadget Shop.
 48491 | Snake:4  | Entered Level 4 of the Snake Pit
 48972 | Snake:4  | Reached XP level 18. HP: 82/94 MP: 10/29
 49398 | Snake:4  | Received a gift from Okawaru
 54126 | Snake:4  | Reached skill level 5 in Armour
 54141 | Snake:4  | Got a serpentine rune of Zot
 54619 | Vaults:1 | Entered Level 1 of the Vaults
 54802 | Vaults:1 | Reached skill level 5 in Invocations
 54846 | Vaults:1 | Received a gift from Okawaru
 54982 | Vaults:1 | Noticed rexbael's ghost (adept DsGl)
 55119 | Vaults:1 | Learned a level 2 spell: Song of Slaying
 55160 | Vaults:1 | Killed rexbael's ghost
 56195 | Vaults:1 | Reached skill level 10 in Spellcasting
 56195 | Vaults:1 | Reached XP level 19. HP: 98/100 MP: 23/34
 56366 | Vaults:1 | Noticed Saint Roka
 56389 | Vaults:1 | Killed Saint Roka
 56389 | Vaults:1 | Received a gift from Okawaru
 57143 | Vaults:2 | Noticed Frederick
 57302 | Vaults:2 | Killed Frederick
 57788 | Vaults:2 | Noticed Jorgrun
 57791 | Vaults:2 | Killed Jorgrun
 58318 | Vaults:2 | Found Heeten's General Store.
 58327 | Vaults:2 | Bought a scroll of enchant weapon for 105 gold pieces
 58327 | Vaults:2 | Bought a scroll of teleportation for 42 gold pieces
 58327 | Vaults:2 | Bought a potion of agility for 56 gold pieces
 58327 | Vaults:2 | Bought an uncursed amulet of regeneration for 420 gold pieces
 58671 | Vaults:2 | Reached skill level 10 in Invocations
 59129 | Vaults:2 | Received a gift from Okawaru
 60152 | Vaults:3 | Found a staircase to the Crypt.
 60167 | Vaults:3 | Reached skill level 15 in Spellcasting
 60308 | Vaults:3 | Reached XP level 20. HP: 105/105 MP: 26/40
 60377 | Vaults:3 | Reached skill level 1 in Necromancy
 60479 | Vaults:3 | Received a gift from Okawaru
 61039 | Vaults:4 | Found an iron altar of Okawaru.
 61633 | Vaults:4 | Paralysed by a floating eye for 2 turns
 61912 | Vaults:4 | Noticed a caustic shrike
 61912 | Vaults:4 | an acid blob changed into a caustic shrike
 61915 | Vaults:4 | a caustic shrike changed into an acid blob
 61929 | Vaults:4 | Noticed a golden dragon
 62923 | Depths:1 | Entered Level 1 of the Depths
 62946 | Depths:1 | Found a one-way gate leading to the halls of Pandemonium.
 62974 | Depths:1 | Reached skill level 1 in Shields
 63043 | Depths:1 | Received a gift from Okawaru
 63599 | Depths:1 | Learned a level 4 spell: Summon Lightning Spire
 64033 | Depths:1 | Found a gateway to Hell.
 64444 | Depths:1 | Reached skill level 5 in Shields
 64739 | Depths:1 | You fall through a shaft!
 64748 | Depths:2 | Noticed Aizul
 64751 | Depths:2 | Killed Aizul
 65132 | Depths:2 | Noticed Asterion
 65344 | Depths:2 | Found a magical portal.
 65365 | WizLab   | Entered Iskenderun's Mystic Tower
 65387 | WizLab   | Reached XP level 21. HP: 111/111 MP: 38/41
 66042 | WizLab   | Received a gift from Okawaru
 67222 | WizLab   | Identified Ybokk's Almanac of Earthen Heat
 67231 | WizLab   | Identified Iskenderun's Grimoire of Battle Magic
 67231 | WizLab   | Identified Iskenderun's Papyrus of Attacks
 67254 | WizLab   | Learned a level 2 spell: Blink
 67267 | WizLab   | Learned a level 5 spell: Iskenderun's Battlesphere
 68054 | Depths:2 | Noticed the Enchantress
 68216 | Depths:2 | Killed Asterion
 68216 | Depths:2 | Reached skill level 1 in Air Magic
 68411 | Depths:2 | Reached skill level 1 in Summonings
 68627 | Depths:1 | Received a gift from Okawaru
 68954 | Depths:3 | Found an iron altar of Okawaru.
 69081 | Depths:3 | Noticed a juggernaut
 69226 | Depths:4 | Found a gateway to a ziggurat.
 69608 | Depths:4 | Found a one-way gate to the infinite horrors of the Abyss.
 69878 | Depths:4 | Identified a scroll of acquirement
 70522 | Depths:4 | Reached skill level 5 in Air Magic
 70664 | Depths:4 | Learned a level 7 spell: Monstrous Menagerie
 71037 | Depths:4 | Reached skill level 5 in Summonings
 71222 | Depths:5 | Entered Level 5 of the Depths
 71267 | Depths:5 | Noticed Jory
 71315 | Depths:5 | Killed Jory
 71315 | Depths:5 | Received a gift from Okawaru
 71731 | Depths:5 | Noticed Boris
 72586 | Depths:3 | Killed a juggernaut
 72586 | Depths:3 | Reached XP level 22. HP: 98/115 MP: 35/42
 73775 | Depths:3 | Noticed a golden dragon
 74616 | Depths:3 | Killed a golden dragon
 74616 | Depths:3 | Reached skill level 10 in Summonings
 74764 | Depths:4 | Voluntarily entered the Abyss.
 74777 | Abyss:1  | Found a corrupted altar of Lugonu.
 75139 | Abyss:3  | Received a gift from Okawaru
 75846 | Abyss:3  | Got an abyssal rune of Zot
 75971 | Depths:4 | Escaped the Abyss
 76472 | Depths:5 | Found a gate to the Realm of Zot.
 76523 | Depths:5 | Killed Boris
 76696 | Depths:5 | Noticed a golden dragon
 76765 | Depths:5 | Killed a golden dragon
 76890 | Zot:1    | Entered Level 1 of the Realm of Zot
 77149 | Zot:2    | Killed a golden dragon
 77775 | Zot:3    | Received a gift from Okawaru
 77791 | Zot:4    | Noticed a golden dragon
 78021 | Zot:3    | Noticed a curse toe
 78167 | Zot:3    | Killed a golden dragon
 78219 | Zot:4    | Reached XP level 23. HP: 119/119 MP: 41/43
 79750 | Zot:4    | Reached skill level 15 in Summonings
 79794 | Zot:5    | Entered Level 5 of the Realm of Zot
 80422 | Zot:5    | Received a gift from Okawaru
 80536 | Zot:5    | Noticed an orb of fire
 80699 | Zot:5    | Gained mutation: You are frail. (-10% HP) [an orb of fire]
 81857 | Zot:5    | Noticed an ancient lich
 82291 | D:7      | Bought a book of Summonings for 980 gold pieces
 82299 | D:7      | Learned a level 6 spell: Shadow Creatures
 82300 | D:7      | Lost mutation: You are frail. (-10% HP) [potion of mutation]
 82300 | D:7      | Gained mutation: You are weak. (Str -2) [potion of mutation]
 82300 | D:7      | Gained mutation: You have a somewhat thin skeletal structure. (Dex +2, Stealth) [potion of mutation]
 82300 | D:7      | Gained mutation: You have a beak for a mouth. [potion of mutation]
 82765 | Zot:4    | Gained mutation: You are dopey. (Int -2) [an orb of fire]
 82799 | Zot:5    | Noticed an ancient lich
 82839 | Zot:4    | Found a stormy altar of Qazlal.
 82839 | Zot:4    | Noticed an ancient lich
 83278 | Zot:5    | Noticed a curse toe
 84022 | Elf:1    | Entered Level 1 of the Elven Halls
 84037 | Elf:1    | Found a radiant altar of Vehumet.
 84480 | Elf:1    | Received a gift from Okawaru
 84967 | Elf:1    | Noticed Frances
 84986 | Elf:1    | Killed Frances
 85994 | Elf:2    | Reached XP level 24. HP: 127/127 MP: 34/43
 86148 | Elf:2    | Found a deep blue altar of Sif Muna.
 86373 | Elf:2    | Found a runed gate.
 86373 | Elf:2    | Found a runed gate.
 86373 | Elf:2    | Found a runed gate.
 88106 | Elf:3    | Entered Level 3 of the Elven Halls
 88529 | Elf:3    | Found a flickering gateway to a bazaar.
 88543 | Bazaar   | Entered a bazaar
 88543 | Bazaar   | Found Qobron's Food Shoppe.
 88543 | Bazaar   | Found Lisisiet's Distillery.
 88543 | Bazaar   | Found Keach's General Store.
 88553 | Bazaar   | Bought a potion of curing for 36 gold pieces
 88553 | Bazaar   | Bought a potion of curing for 36 gold pieces
 88553 | Bazaar   | Bought a potion of heal wounds for 60 gold pieces
 88553 | Bazaar   | Bought a potion of heal wounds for 60 gold pieces
 88553 | Bazaar   | Bought a potion of curing for 36 gold pieces
 88553 | Bazaar   | Bought a potion of brilliance for 48 gold pieces
 88553 | Bazaar   | Bought a potion of curing for 36 gold pieces
 88559 | Bazaar   | Bought 2 fruits for 27 gold pieces
 88559 | Bazaar   | Bought a royal jelly for 18 gold pieces
 88559 | Bazaar   | Bought a royal jelly for 18 gold pieces
 88559 | Bazaar   | Bought a bread ration for 45 gold pieces
 88559 | Bazaar   | Bought a bread ration for 45 gold pieces
 88559 | Bazaar   | Bought a royal jelly for 18 gold pieces
 88559 | Bazaar   | Bought a royal jelly for 18 gold pieces
 88559 | Bazaar   | Bought a royal jelly for 18 gold pieces
 88559 | Bazaar   | Bought a fruit for 13 gold pieces
 88559 | Bazaar   | Bought a bread ration for 45 gold pieces
 88559 | Bazaar   | Bought a bread ration for 45 gold pieces
 88559 | Bazaar   | Bought a bread ration for 45 gold pieces
 88561 | Bazaar   | Bought a royal jelly for 24 gold pieces
 88561 | Bazaar   | Bought a scroll of identify for 24 gold pieces
 88561 | Bazaar   | Bought a scroll of remove curse for 36 gold pieces
 88561 | Bazaar   | Bought a scroll of identify for 24 gold pieces
 88561 | Bazaar   | Bought a scroll of enchant weapon for 90 gold pieces
 89024 | Elf:3    | Received a gift from Okawaru
 89227 | Elf:3    | Reached skill level 15 in Fighting
 89330 | Elf:3    | Noticed Mara
 89384 | Elf:3    | Noticed GordonOverkill's illusion
 89416 | Elf:3    | Killed Mara
 90187 | Elf:3    | Got an ancient lead ring
 90188 | Elf:3    | Upgraded the game from 0.20.0-4-g10b340a to 0.20.0-7-g3b7b877
 90188 | Elf:3    | Identified the ring "Axirgheerch" {rPois rN+ MR+ Str+2 Dex+3} (You found it on level 3 of the Elven Halls)
 90202 | Elf:3    | Got a transparent granite ring
 90203 | Elf:3    | Identified the ring "Zanuk" {*Slow rF+ rC+ MR+ Int+7} (You found it on level 3 of the Elven Halls)
 90218 | Elf:3    | Got a slimy platinum amulet
 90219 | Elf:3    | Identified the amulet of the Pure Shrikes {Harm *Drain rC- Str+8 Int-3 Dex+3} (You found it on level 3 of the Elven Halls)
 90736 | Slime:1  | Entered Level 1 of the Pits of Slime
 91908 | Slime:1  | Gained mutation: You are very weak. (Str -4) [a shining eye]
 92308 | Slime:3  | Gained mutation: Your magical capacity is low. (-10% MP) [a shining eye]
 92493 | Slime:3  | Paralysed by a floating eye for 2 turns
 92953 | Slime:5  | Entered Level 5 of the Pits of Slime
 93675 | Slime:5  | Found a viscous altar of Jiyva.
 93676 | Slime:5  | Noticed the Royal Jelly
 93696 | Slime:5  | Gained mutation: Your spells are a little easier to cast, but a little less powerful. [a shining eye]
 93706 | Slime:5  | Killed the Royal Jelly
 93873 | Slime:4  | Reached XP level 25. HP: 140/140 MP: 39/39
 95399 | Slime:5  | Got a slimy rune of Zot
 95471 | Slime:5  | Identified the Incunabulum of the Shifting Escort
 95491 | Slime:5  | Got a fine short sword
 95517 | Slime:5  | Identified the cursed +1 short sword of Destiny {flame, rPois MR- Str-5 Dex+10} (You found it on level 5 of the Pits of Slime)
 95562 | Lair:5   | Lost mutation: Your spells are a little easier to cast, but a little less powerful. [potion of mutation]
 95562 | Lair:5   | Lost mutation: You are dopey. (Int -2) [potion of mutation]
 95562 | Lair:5   | Lost mutation: You are very weak. (Str -4) [potion of mutation]
 95562 | Lair:5   | Gained mutation: Your system is resistant to poisons. (rPois) [potion of mutation]
 95562 | Lair:5   | Gained mutation: You are somewhat resistant to further mutation. [potion of mutation]
 96125 | Zot:4    | Gained mutation: Your body sometimes deteriorates upon taking damage. [an orb of fire]
 96128 | Zot:4    | Gained mutation: You are dopey. (Int -2) [an orb of fire]
 96240 | Zot:3    | Lost mutation: Your system is resistant to poisons. (rPois) [potion of mutation]
 96240 | Zot:3    | Lost mutation: Your magical capacity is low. (-10% MP) [potion of mutation]
 96240 | Zot:3    | Lost mutation: You are weak. (Str -2) [potion of mutation]
 96240 | Zot:3    | Lost mutation: You are dopey. (Int -2) [potion of mutation]
 96240 | Zot:3    | Lost mutation: Your body sometimes deteriorates upon taking damage. [potion of mutation]
 96240 | Zot:3    | Gained mutation: Your body sometimes deteriorates upon taking damage. [potion of mutation]
 96241 | Zot:3    | Lost mutation: You have a somewhat thin skeletal structure. (Dex +2, Stealth) [potion of mutation]
 96241 | Zot:3    | Lost mutation: Your body sometimes deteriorates upon taking damage. [potion of mutation]
 96241 | Zot:3    | Lost mutation: You are somewhat resistant to further mutation. [potion of mutation]
 96241 | Zot:3    | Lost mutation: You have a beak for a mouth. [potion of mutation]
 96241 | Zot:3    | Gained mutation: Your spells are a little harder to cast, but a little more powerful. [potion of mutation]
 96241 | Zot:3    | Gained mutation: Your mind is acute. (Int +2) [potion of mutation]
 96241 | Zot:3    | Gained mutation: You are partially covered in slimy green scales. (AC +2) [potion of mutation]
 96241 | Zot:3    | Gained mutation: You have a pair of small horns on your head. [potion of mutation]
 96257 | Zot:4    | Lost mutation: Your mind is acute. (Int +2) [an orb of fire]
 96273 | Zot:4    | Gained mutation: Your magical capacity is low. (-10% MP) [an orb of fire]
 96276 | Zot:3    | Gained mutation: You occasionally shout uncontrollably at your foes. [an orb of fire]
 96339 | Zot:3    | Gained mutation: You are weak. (Str -2) [an orb of fire]
 96409 | Zot:4    | Received a gift from Okawaru
 96868 | Zot:5    | Killed an ancient lich
 96882 | Zot:5    | Noticed an ancient lich
 96893 | Zot:5    | Killed an ancient lich
 96901 | Zot:5    | Killed an ancient lich
 97450 | Zot:5    | Noticed an ancient lich
 97462 | Zot:5    | Killed an ancient lich
 97590 | Zot:5    | Noticed an orb of fire
 99412 | Zot:5    | Killed an orb of fire
 99706 | Zot:5    | Received a gift from Okawaru
 99709 | Zot:5    | Got a scorched buckler {god gift}
 99710 | Zot:5    | Identified the +0 buckler of the Desert {Int-5 Dex+7} (Okawaru gifted it to you on level 5 of the Realm of Zot)
 99765 | Zot:5    | Noticed an ancient lich
 99774 | Zot:5    | Killed an ancient lich
 99776 | Zot:5    | Noticed an ancient lich
 99781 | Zot:5    | Noticed an ancient lich
 99827 | Zot:5    | Noticed an ancient lich
100200 | Zot:4    | Killed an ancient lich
100213 | Zot:4    | Killed an ancient lich
100661 | Zot:5    | Noticed an orb of fire
100662 | Zot:5    | Gained mutation: Your magical capacity is very low. (-20% MP) [an orb of fire]
100675 | Zot:5    | Noticed an orb of fire
100675 | Zot:5    | Killed an orb of fire
100908 | Zot:4    | Killed an ancient lich
101441 | Zot:5    | Gained mutation: You expend magic power (3 MP) to strengthen your wands. [an orb of fire]
101446 | Zot:5    | Lost mutation: Your spells are a little harder to cast, but a little more powerful. [an orb of fire]
101451 | Zot:5    | Gained mutation: Your magical capacity is extremely low. (-30% MP) [an orb of fire]
101453 | Zot:5    | Killed an orb of fire
101453 | Zot:5    | Received a gift from Okawaru
101622 | Zot:5    | Noticed an orb of fire
101655 | Zot:5    | Killed an orb of fire
101655 | Zot:5    | Reached XP level 26. HP: 80/150 MP: 0/30
102722 | Zot:5    | Got the Orb of Zot
103006 | Depths:3 | Noticed a seraph
103060 | Depths:1 | Noticed Torinoas the pandemonium lord
103478 | D:$      | Escaped with the Orb!

Skill      XL: |  1  2  3  4  5  6  7  8  9 10 11 12 13 14 15 16 17 18 19 20 21 22 23 24 25 |
---------------+----------------------------------------------------------------------------+-----
Hexes          | 4 5 6 7 9 10 12 13 14 16 17 | 17.0
Stealth        | 5 6 7 9 11 13 14 16 18 20 22 24 26 27 | 27.0
Short Blades   | 2 3 4 6 7 9 10 | 10.0
Fighting       | 3 5 9 10 11 12 13 17 20 | 20.5
Dodging        | 5 10 11 17 18 19 | 19.3
Spellcasting   | 3 7 10 15 | 15.4
Armour         | 2 4 5 |  5.3
Invocations    | 4 7 10 | 10.0
Charms         | 5 |  5.3
Evocations     | 7 |  7.0
Necromancy     | 4 |  4.4
Shields        | 7 9 |  9.1
Air Magic      | 5 |  5.4
Summonings     | 8 13 16 | 16.0

Action                   |  1- 3 |  4- 6 |  7- 9 | 10-12 | 13-15 | 16-18 | 19-21 | 22-24 | 25-27 || total
-------------------------+-------+-------+-------+-------+-------+-------+-------+-------+-------++-------
Melee: Dagger            |   178 |   194 |   155 |   519 |  1052 |  1421 |  1467 |  3181 |   889 ||  9056
       Peck              |       |       |       |       |       |       |       |   473 |    56 ||   529
       Headbutt          |       |       |       |       |       |       |       |       |   192 ||   192
       Short sword       |       |       |       |       |       |       |       |       |    78 ||    78
 Cast: Corona            |    25 |    23 |       |     1 |       |       |     4 |    13 |    10 ||    76
       Ensorcelled Hiber |    11 |    55 |    44 |   169 |   311 |   139 |    29 |       |       ||   758
       Confuse           |       |     2 |    44 |   105 |   258 |   557 |   465 |   126 |     5 ||  1562
       Tukima's Dance    |       |       |       |       |     7 |    56 |     8 |     1 |       ||    72
       Summon Lightning  |       |       |       |       |       |       |    17 |    18 |     3 ||    38
       Monstrous Menager |       |       |       |       |       |       |       |    36 |     4 ||    40
       Mephitic Cloud    |       |       |       |       |       |       |       |     2 |       ||     2
       Blink             |       |       |       |       |       |       |       |     2 |     1 ||     3
       Shadow Creatures  |       |       |       |       |       |       |       |    73 |   167 ||   240
Invok: Heroism           |       |       |       |       |       |     1 |     6 |    49 |    24 ||    80
       Finesse           |       |       |       |       |       |     1 |     4 |    18 |     8 ||    31
 Abil: Evoke Invisibilit |       |       |       |       |       |     4 |    16 |    38 |    11 ||    69
Evoke: Wand              |       |       |       |       |     2 |       |     2 |    16 |     9 ||    29
  Use: Scroll            |     6 |     4 |     2 |    21 |    12 |    15 |    11 |    21 |    15 ||   107
       Potion            |       |       |       |       |     1 |     4 |     7 |    29 |     5 ||    46
 Stab: Sleeping          |     7 |    34 |    35 |   132 |   221 |   115 |   109 |    67 |     1 ||   721
       Confused          |       |     1 |    22 |    51 |   127 |   265 |   271 |    73 |     3 ||   813
       Distracted        |       |       |     1 |     2 |     6 |     6 |     4 |    35 |    25 ||    79
       Invisible         |       |       |       |       |       |    20 |    73 |   149 |    29 ||   271
       Fleeing           |       |       |       |       |       |       |       |     3 |       ||     3
       Paralysed         |       |       |       |       |       |       |       |       |     1 ||     1
  Eat: Bread ration      |       |     1 |       |     1 |       |       |       |     9 |     5 ||    16
       Royal jelly       |       |       |     3 |     5 |     5 |     9 |    10 |     3 |       ||    35
       Fruit             |       |       |     7 |    10 |     3 |     8 |     2 |     5 |       ||    35
Armor: Robe              |    11 |     6 |     4 |    31 |       |       |       |       |       ||    52
       Swamp dragon scal |       |       |       |       |   116 |   153 |    78 |   166 |    95 ||   608
Dodge: Dodged            |   135 |   132 |    63 |   301 |   551 |   758 |   713 |  1456 |   697 ||  4806
Block: Other             |     1 |     9 |     7 |    10 |    37 |    46 |     7 |       |       ||   117
       Reflection        |       |       |       |       |     1 |     3 |     1 |       |       ||     5
       Buckler           |       |       |       |       |       |       |    86 |   859 |   357 ||  1302
